General information
- name: BNet
- type: Ladder team game (AT/RT)
- host: Battle.net
- saver: LastEuropaKiss
map: GolemsInTheMist
- players: 8
- length: 10:27
- speed: Fast
- version: 1.26 W3XP
- replay type: Public
» download(67 KB)
Players
team 1 (winner)
n1flank (
teal | 47 APM | 494 actions | 10:27)
2 Demon Hunter
1 Mana Burn
1 Evasion
» actions
| Assign group hotkey | 22 | |
| Basic commands | 36 | |
| Build / train | 31 | |
| Enter build submenu | 10 | |
| Enter hero's abilities submenu | 2 | |
| Right click | 154 | |
| Select / deselect | 80 | |
| Select group hotkey | 145 | |
| Use ability | 14 | |
494 total
» units
» upgrades
| Improved Bows | 1 | |
| Strength of the Wild | 1 | |
| Reinforced Hides | 1 | |
| Marksmanship | 1 | |
4 total
» buildings
| Altar of Elders | 1 | |
| Moon Well | 4 | |
| Ancient of War | 1 | |
| Tree of Ages | 1 | |
| Ancient of Wonders | 1 | |
| Hunter's Hall | 1 | |
| Tree of Eternity | 1 | |
| Ancient of Lore | 2 | |
12 total
» build order
00:18 Altar of Elders
00:27 Moon Well
00:54 Ancient of War
01:39 Moon Well
02:04 Moon Well
02:56 Tree of Ages
04:26 Ancient of Wonders
04:29 Hunter's Hall
06:22 Tree of Eternity
08:21 Ancient of Lore
08:28 Ancient of Lore
09:18 Moon Well
» items
| Staff of Preservation | 1 | |
| Potion of Healing | 1 | |
| Orb of Venom | 1 | |
3 total
Pit-4mygirl (
yellow | 39 APM | 405 actions | 10:27)
2 Paladin
1 Holy Light
1 Divine Shield
1 Mountain King
1 Storm Bolt
» actions
| Assign group hotkey | 3 | |
| Build / train | 34 | |
| Enter build submenu | 19 | |
| Enter hero's abilities submenu | 3 | |
| Right click | 130 | |
| Select / deselect | 94 | |
| Select group hotkey | 88 | |
| Use ability | 34 | |
405 total
» units
» upgrades
| Swords | 2 | |
| Armor | 2 | |
| Animal War Training | 1 | |
5 total
» buildings
| Farm | 9 | |
| Barracks | 1 | |
| Altar of Kings | 1 | |
| Scout Tower | 2 | |
| Arcane Tower | 1 | |
| Keep | 1 | |
| Arcane Vault | 2 | |
| Blacksmith | 1 | |
| Lumber Mill | 1 | |
| Castle | 1 | |
| Gryphon Aviary | 2 | |
22 total
» build order
00:24 Farm
00:43 Barracks
00:56 Altar of Kings
01:14 Farm
01:53 Farm
02:00 Scout Tower
02:06 Scout Tower
02:33 Arcane Tower
02:42 Farm
04:10 Keep
04:12 Arcane Vault
04:19 Arcane Vault
04:22 Blacksmith
04:24 Lumber Mill
05:42 Farm
06:26 Farm
07:07 Farm
07:10 Castle
09:01 Gryphon Aviary
09:03 Gryphon Aviary
09:19 Farm
10:04 Farm
» items
| Scroll of Regeneration | 1 | |
| Lesser Clarity Potion | 1 | |
2 total
TheDevils (
blue | 15 APM | 162 actions | 10:27)
1 Archmage
1 Summon Water Elemental
» actions
| Assign group hotkey | 10 | |
| Build / train | 23 | |
| Enter build submenu | 8 | |
| Enter hero's abilities submenu | 1 | |
| Right click | 61 | |
| Select / deselect | 48 | |
| Select group hotkey | 3 | |
| Use ability | 8 | |
162 total
» units
» buildings
| Altar of Kings | 1 | |
| Barracks | 1 | |
| Farm | 4 | |
| Scout Tower | 1 | |
| Arcane Tower | 1 | |
| Keep | 1 | |
| Lumber Mill | 1 | |
10 total
» build order
01:56 Altar of Kings
01:57 Barracks
02:08 Farm
02:36 Farm
02:39 Farm
03:29 Scout Tower
04:21 Arcane Tower
04:34 Farm
09:40 Keep
09:57 Lumber Mill

»
koalaasesino (
orange | 21 APM | 222 actions | 10:27)
2 Mountain King
1 Storm Bolt
1 Bash
1 Paladin
1 Holy Light
» actions
| Assign group hotkey | 5 | |
| Basic commands | 7 | |
| Build / train | 33 | |
| Enter build submenu | 12 | |
| Enter hero's abilities submenu | 3 | |
| Right click | 42 | |
| Select / deselect | 56 | |
| Select group hotkey | 36 | |
| Use ability | 28 | |
222 total
» units
| Peasant | 11 | |
| Footman | 3 | |
| Rifleman | 7 | |
| Goblin Shredder | 1 | |
22 total
» buildings
| Altar of Kings | 1 | |
| Farm | 7 | |
| Barracks | 1 | |
| Lumber Mill | 1 | |
| Scout Tower | 2 | |
| Arcane Vault | 1 | |
| Blacksmith | 1 | |
| Guard Tower | 1 | |
| Arcane Tower | 1 | |
| Keep | 1 | |
| Castle | 1 | |
| Workshop | 2 | |
20 total
» build order
00:27 Altar of Kings
00:59 Farm
01:02 Farm
01:20 Barracks
01:36 Lumber Mill
02:25 Farm
02:33 Farm
02:49 Scout Tower
02:51 Scout Tower
03:16 Arcane Vault
03:24 Blacksmith
03:30 Guard Tower
03:34 Farm
04:24 Arcane Tower
04:30 Keep
06:40 Farm
06:41 Farm
08:41 Castle
08:47 Workshop
08:56 Workshop
» items
| Scroll of Regeneration | 1 | |
| Potion of Healing | 1 | |
2 total
team 2 (loser)
innanet-alien (
red | 18 APM | 152 actions | 08:15)
1 Archmage
1 Summon Water Elemental
» actions
| Basic commands | 7 | |
| Build / train | 25 | |
| Enter build submenu | 13 | |
| Enter hero's abilities submenu | 2 | |
| Remove unit from queue | 1 | |
| Right click | 31 | |
| Select / deselect | 54 | |
| Use ability | 19 | |
152 total
» units
» buildings
| Altar of Kings | 1 | |
| Farm | 6 | |
| Barracks | 1 | |
| Lumber Mill | 1 | |
| Arcane Vault | 1 | |
| Keep | 1 | |
| Scout Tower | 4 | |
| Guard Tower | 3 | |
| Castle | 1 | |
19 total
» build order
00:50 Altar of Kings
01:16 Farm
01:21 Barracks
02:12 Farm
02:17 Lumber Mill
02:46 Farm
03:24 Farm
03:27 Arcane Vault
04:22 Keep
04:25 Scout Tower
04:30 Scout Tower
05:55 Guard Tower
06:09 Scout Tower
06:13 Scout Tower
06:22 Farm
06:42 Guard Tower
06:46 Castle
06:51 Guard Tower
07:04 Farm
go1v1 (
green | 116 APM | 1040 actions | 08:59)
1 Death Knight
1 Death Coil
» actions
| Assign group hotkey | 76 | |
| Basic commands | 29 | |
| Build / train | 24 | |
| Enter build submenu | 6 | |
| Enter hero's abilities submenu | 1 | |
| Right click | 389 | |
| Select / deselect | 59 | |
| Select group hotkey | 331 | |
| Use ability | 125 | |
1040 total
» units
| Acolyte | 2 | |
| Ghoul | 8 | |
| Crypt Fiend | 2 | |
12 total
» buildings
| Altar of Darkness | 1 | |
| Ziggurat | 2 | |
| Crypt | 1 | |
| Graveyard | 1 | |
| Tomb of Relics | 1 | |
| Halls of the Dead | 4 | |
10 total
» build order
00:04 Altar of Darkness
00:05 Ziggurat
00:36 Crypt
00:56 Graveyard
01:17 Tomb of Relics
01:57 Ziggurat
03:07 Halls of the Dead
03:08 Halls of the Dead
03:08 Halls of the Dead
» items

»
Panda[cn]feedme (
pink | 25 APM | 197 actions | 07:52)
2 Tauren Chieftain
1 Shockwave
1 Endurance Aura
» actions
| Assign group hotkey | 11 | |
| Basic commands | 29 | |
| Build / train | 22 | |
| Enter build submenu | 7 | |
| Enter hero's abilities submenu | 2 | |
| Give item / drop item | 2 | |
| Remove unit from queue | 1 | |
| Right click | 43 | |
| Select / deselect | 48 | |
| Select group hotkey | 20 | |
| Use ability | 12 | |
197 total
» units
| Peon | 7 | |
| Troll Headhunter/Berserker | 8 | |
15 total
» buildings
| War Mill | 1 | |
| Barracks | 1 | |
| Orc Burrow | 3 | |
| Altar of Storms | 1 | |
| Voodoo Lounge | 1 | |
| Stronghold | 1 | |
8 total
» build order
00:25 War Mill
00:35 Barracks
00:44 Orc Burrow
01:10 Altar of Storms
01:59 Orc Burrow
02:23 Voodoo Lounge
03:50 Stronghold
04:25 Orc Burrow
» items
LastEuropaKiss (
purple | 106 APM | 1103 actions | 10:27)
2 Far Seer
1 Feral Spirit
1 Chain Lighting
» actions
| Assign group hotkey | 74 | |
| Basic commands | 80 | |
| Build / train | 58 | |
| ESC pressed | 8 | |
| Enter build submenu | 27 | |
| Enter hero's abilities submenu | 2 | |
| Right click | 182 | |
| Select / deselect | 159 | |
| Select group hotkey | 432 | |
| Use ability | 81 | |
1103 total
» units
» upgrades
| Spiked Barricades | 2 | |
| Masonry | 2 | |
| Armor | 1 | |
5 total
» buildings
| Altar of Storms | 1 | |
| Orc Burrow | 3 | |
| Barracks | 1 | |
| War Mill | 1 | |
| Watch Tower | 15 | |
| Stronghold | 3 | |
| Scout Tower | 5 | |
| Guard Tower | 7 | |
36 total
» build order
00:10 Altar of Storms
00:15 Orc Burrow
00:22 Barracks
01:40 Orc Burrow
03:48 War Mill
04:16 Orc Burrow
05:04 Watch Tower
06:12 Watch Tower
06:15 Watch Tower
07:55 Stronghold
07:55 Stronghold
08:30 Scout Tower
08:34 Scout Tower
09:09 Watch Tower
09:12 Watch Tower
09:13 Watch Tower
09:14 Watch Tower
09:15 Watch Tower
09:16 Watch Tower
09:22 Watch Tower
09:22 Watch Tower
09:26 Watch Tower
09:29 Guard Tower
09:29 Guard Tower
09:31 Scout Tower
09:35 Scout Tower
09:37 Scout Tower
09:42 Watch Tower
09:44 Watch Tower
10:04 Watch Tower
10:23 Guard Tower
10:23 Guard Tower
10:24 Guard Tower
» items
Chat log
(00:06 / Allies) go1v1: hio
(00:07 / Allies) go1v1: go
(00:08 / Allies) go1v1: mass
(00:09 / Allies) go1v1: rush
(00:10 / Allies) go1v1: fast
(00:11 / Allies) go1v1: super rush
(00:12 / All) Pit-4mygirl: fucking hack
(00:12 / Allies) Panda[cn]feedme: k all mass
(00:14 / Allies) Panda[cn]feedme: tc hh
(00:15 / All) TheDevils: drophacker
(00:16 / Allies) go1v1: all mass
(00:18 / Allies) go1v1: fast rush!!
(00:20 / All) Pit-4mygirl: let play !
(00:21 / All) Panda[cn]feedme: who
(00:23 / All) n1flank: fuck ur mother huso
(00:29 / All) LastEuropaKiss: HAIL HAIL HAIL
(00:30 / All) go1v1: who ??
(00:37 / All) LastEuropaKiss: THESE RUNES THEY WILL PREVAIL
(00:38 / Allies) go1v1: mass guls
(00:39 / All) LastEuropaKiss: HAIL HAIL HAIL
(00:40 / Allies) go1v1: or spiders?
(00:43 / All) LastEuropaKiss: IF NOTHING ELSE
(00:49 / Allies) Panda[cn]feedme: do fiends
(00:52 / Allies) go1v1: k
(01:01 / All) LastEuropaKiss: Who is the hacker so we can slay him?
(01:07 / All) Panda[cn]feedme: stfu
(01:09 / Allies) go1v1: just mass rush
(01:10 / Allies) innanet-alien: its laggin ?
(01:10 / All) Pit-4mygirl: is drop hacker
(01:11 / All) n1flank: fuck u noob
(01:14 / All) TheDevils: who is the drophacker all make sure he loses
(01:15 / All) LastEuropaKiss: It's green?
(01:18 / All) Pit-4mygirl: y
(01:19 / All) go1v1: me wtf ? noo
(01:21 / All) n1flank: purple
(01:28 / All) LastEuropaKiss: It isn't me
(01:31 / All) LastEuropaKiss: What makes you think that?
(01:31 / All) go1v1: its yellow
(01:32 / All) LastEuropaKiss: Wtf
(01:32 / All) n1flank: sure
(01:34 / All) Pit-4mygirl: it was green
(01:35 / All) n1flank: purple
(01:36 / All) innanet-alien: its red
(01:37 / All) Pit-4mygirl: thats all
(01:41 / All) innanet-alien: this motherfucker
(01:41 / All) go1v1: its yellow 100%
(01:47 / All) n1flank: purple
(01:51 / All) go1v1: yellow 100%
(02:03 / All) Panda[cn]feedme: how u know
(02:07 / All) LastEuropaKiss: Green is 218-150 solo and 6-1 team
(02:10 / All) LastEuropaKiss: He looks like a drophacker
(02:25 / All) n1flank: purple is hacker
(02:30 / Allies) innanet-alien: had bad start
(02:30 / All) TheDevils: green is the hacker
(02:31 / All) Pit-4mygirl: when i pause green unpause in a second
(02:31 / All) LastEuropaKiss: lol
(02:36 / Allies) innanet-alien: caus it was laggin
(02:42 / All) LastEuropaKiss: ok
(02:45 / All) TheDevils: green is the hacker
(02:47 / All) TheDevils: green is the hacker
(02:49 / All) LastEuropaKiss: yes
(02:49 / All) n1flank: then kill green
(02:49 / All) LastEuropaKiss: he is
(02:51 / All) LastEuropaKiss: I am
(02:55 / All) go1v1: no
(03:00 / All) go1v1: yellow is the cheater 100%
(03:03 / All) LastEuropaKiss: lol
(03:06 / All) go1v1: wtf man
(03:07 / All) LastEuropaKiss: You are the one who has a non legit record
(03:08 / All) LastEuropaKiss: green
(03:10 / Allies) go1v1: im not cheater no lie
(03:18 / Allies) go1v1: stop it purple
(03:20 / Allies) go1v1: its not me
(03:25 / Allies) LastEuropaKiss: yes it is
(03:27 / Allies) go1v1: fagget
(03:28 / All) n1flank: tk green
(03:33 / All) LastEuropaKiss: I am
(03:34 / All) Pit-4mygirl: i say kik green 7 on 1
(03:37 / All) Pit-4mygirl: then we play
(03:43 / All) TheDevils: green must lose
(03:47 / All) Pit-4mygirl: watch my pause
(03:49 / All) go1v1: not me !! get it
(03:50 / All) Pit-4mygirl: he unpause
(03:53 / All) TheDevils: everyone make sure green loses
(03:55 / All) go1v1: i want top lay idiot
(03:59 / All) go1v1: go noob
(04:00 / All) TheDevils: green is the hacker lol
(04:03 / All) go1v1: no
(04:04 / All) TheDevils: so obvious
(04:11 / All) LastEuropaKiss: yeah
(04:11 / All) TheDevils: why you unpause instant?
(04:12 / Allies) innanet-alien: stop it
(04:14 / All) go1v1: stop it
(04:15 / All) n1flank: tk him
(04:15 / All) TheDevils: why you coil instant?
(04:18 / All) go1v1: its not me
(04:29 / Allies) LastEuropaKiss: I ain't stopping till the hacker drops dead and leaves
(04:31 / All) Pit-4mygirl: say stop pollution
(04:35 / All) Pit-4mygirl: and tk green plz
(04:42 / All) TheDevils: kill green
(04:46 / All) innanet-alien: u mean the lagg ?
(04:52 / All) TheDevils: guys you want to better your record
(05:01 / All) n1flank: tk him
(05:02 / Allies) Panda[cn]feedme: ok green i dont belive u
(05:04 / Allies) Panda[cn]feedme: u are the hacker
(05:09 / Allies) go1v1: not
(05:10 / All) TheDevils: but green ruions the game
(05:11 / All) Pit-4mygirl: where is green guys plz ?
(05:21 / All) innanet-alien: right 2. top
(05:30 / All) TheDevils: green ruins what is left of the game
(05:35 / All) LastEuropaKiss: Pink is helping me kill grene
(05:36 / All) go1v1: not me still
(05:37 / All) LastEuropaKiss: he is a bro
(05:37 / All) go1v1: get it
(05:42 / All) go1v1: its yellow
(05:46 / All) go1v1: he makes it thinks it s me
(05:50 / All) n1flank: tk green hacker
(05:53 / All) LastEuropaKiss: we are
(05:54 / All) LastEuropaKiss: all of us lol
(05:55 / All) go1v1: or maybe teal ?
(05:59 / All) Pit-4mygirl: pause the game
(06:00 / All) TheDevils: hacking for a record on a 10 year old game
(06:05 / Allies) innanet-alien: make towers all
(06:19 / All) TheDevils: you're a lying pos
(06:34 / All) TheDevils: yellow is 50% player
(06:40 / All) go1v1: so ?
(07:18 / Allies) go1v1: im tired of tkers
(07:27 / All) innanet-alien: lol
(07:28 / Allies) LastEuropaKiss: I am tired of hackers
(07:29 / Allies) go1v1: ruins the game
(07:31 / Allies) LastEuropaKiss: What a coincidence
(07:31 / All) innanet-alien: fuckin gays
(07:33 / Allies) go1v1: im not a hacker
(07:35 / Allies) go1v1: when do u get it ?
(07:41 / Allies) go1v1: its not me doing it
(07:42 / Allies) go1v1: pls get it
(07:52 / Allies) go1v1: haha
(07:54 / Allies) go1v1: u guys r losing?
(07:55 / Allies) go1v1: i love it
(07:56 / Allies) go1v1: :D
(07:58 / Allies) go1v1: I LAUGHING
(07:59 / Allies) go1v1: SO HARD
(08:01 / Allies) go1v1: URE LOSING
(08:02 / Allies) go1v1: PURPLE?
(08:03 / Allies) go1v1: HAHAHAHAHAHHA
(08:08 / All) innanet-alien: shit game
(08:11 / All) innanet-alien: bb
(08:17 / All) Pit-4mygirl: bb
(08:24 / All) go1v1: gg nice tks
(08:29 / All) go1v1: teal or yellow nice making it thinks its me
(08:37 / All) n1flank: stfu hacker
(08:42 / All) go1v1: its u teal
(08:43 / All) go1v1: fu
(08:54 / Allies) go1v1: thanks pruple
(08:56 / Allies) go1v1: for destroying the game
(08:59 / Allies) go1v1: its teal or yellow ..
(09:37 / All) TheDevils: green must lose
(09:49 / All) Pit-4mygirl: green is out
(09:58 / All) Pit-4mygirl: only purple is here
(10:20 / All) TheDevils: let's just let green lose
(10:24 / All) LastEuropaKiss: kk